 Dungeon Crawl Stone Soup version 0.28.0 (webtiles) character file.

Game seed: 11493414796102642354

84 fknight the Skirmisher (level 4, -3/40 HPs)
             Began as a Draconian Berserker on Feb 19, 2022.
             Was a Believer of Trog.
             Slain by reversiblehash's ghost (6 damage)
             ... on level 3 of the Dungeon.
             The game lasted 00:14:54 (2144 turns).

fknight the Skirmisher (Draconian Berserker)        Turns: 2144, Time: 00:14:54

Health: -3/40      AC:  5    Str: 21    XL:     4   Next: 24%
Magic:  4/4        EV: 12    Int:  8    God:    Trog [**....]
Gold:   54         SH:  0    Dex: 10    Spells: 3/3 levels left

rFire   . . .      SeeInvis .   i - +2 dagger (venom)
rCold   + . .      Faith    .   (no shield)
rNeg    . . .      Spirit   .   (armour unavailable)
rPois   .          Reflect  .   (helmet restricted)
rElec   .          Harm     .   (no cloak)
rCorr   .          Rampage  .   (no gloves)
Will    .....                   (no boots)
Stlth   +.........              (no amulet)
HPRegen 0.13/turn               b - ring of protection from cold
MPRegen 0.09/turn               (no ring)

@: no status effects
A: AC +5, unfitting armour, cold-blooded
a: Renounce Religion, Berserk, Trog's Hand


You were on level 3 of the Dungeon.
You worshipped Trog.
Trog was pleased with you.
You visited 1 branch of the dungeon, and saw 3 of its levels.

You collected 54 gold pieces.

Inventory:

Hand Weapons
 a - a +0 falchion
 c - a +0 spear
 f - a +0 hand axe
 g - a +0 dagger
 i - a +2 dagger of venom (weapon)
 l - a +0 short sword
 m - a +0 dagger
 o - a +0 whip
 p - a +0 whip
 r - a +0 dagger
 t - a +0 club
 w - a +0 club
 x - a +0 dagger
 y - a +0 dagger
 z - a +0 dagger
 A - a +0 hunting sling
 B - a +0 dagger
 C - a +0 dagger
 D - a +0 dagger
 E - a +0 dagger
 F - a +0 short sword
 I - a +1 dagger of electrocution
 J - a +0 war axe
 M - a +0 short sword
Missiles
 j - 30 stones (quivered)
 n - 45 arrows
Armour
 h - a +0 leather armour
 G - a +0 animal skin
 H - the +3 helmet of Olioqonausm {+Inv rF- rC+}
   (You took it off Robin on level 2 of the Dungeon)

   rF:        It makes you vulnerable to fire.
   rC:        It protects you from cold.
   +Inv:      It lets you turn invisible.
 K - a +0 robe
 L - a +0 robe
Jewellery
 b - a ring of protection from cold (left hand)
Scrolls
 d - 7 scrolls of fog {unknown}
 e - 2 scrolls of holy word {unknown}
 k - 2 scrolls of enchant armour {unknown}
 q - a scroll of immolation {unknown}
 u - a scroll of vulnerability {unknown}
 v - a scroll of identify {unknown}
 N - a scroll of amnesia {unknown}
 O - a scroll of torment {unknown}
Potions
 s - 2 potions of heal wounds {unknown}


   Skills:
 + Level 3.9 Fighting
 + Level 1.1(2.6) Short Blades
 + Level 3.7(3.8) Long Blades
 + Level 3.3 Dodging
 + Level 0.7 Stealth


You had 3 spell levels left.
You didn't know any spells.
Your spell library contained the following spells:

 Spells                   Type           Power      Damage    Failure   Level
 Slow                     Hex            0%         N/A       41%         1
 Confusing Touch          Hex            0%         N/A       78%         3
 Vampiric Draining        Necr           0%         2d6       78%         3


Dungeon Overview and Level Annotations

Branches:
Dungeon (3/15)

Altars:
Fedhas
Beogh

Annotations:
D:3 reversiblehash's ghost, weakling DsBe


Innate Abilities, Weirdness & Mutations

Your plain brown scales are hard. (AC +5)
You cannot fit into any form of body armour.
You are cold-blooded and may be slowed by cold attacks.


Message History

Reversiblehash's ghost barely misses you.
You closely miss reversiblehash's ghost.
Reversiblehash's ghost is lightly damaged.
Reversiblehash's ghost closely misses you.
You hit reversiblehash's ghost.
Reversiblehash's ghost is moderately damaged.
Reversiblehash's ghost hits you.
You miss reversiblehash's ghost.
Reversiblehash's ghost is moderately damaged.
The orc sings a few bars from the Orcish anthem.
Reversiblehash's ghost closely misses you.
You hit reversiblehash's ghost.
Reversiblehash's ghost is moderately damaged.
You hit reversiblehash's ghost.
Your tail-slap misses reversiblehash's ghost.
Reversiblehash's ghost is heavily damaged.
Reversiblehash's ghost hits you but does no damage.
You closely miss reversiblehash's ghost.
Reversiblehash's ghost is heavily damaged.
Reversiblehash's ghost hits you.
The orc curses loudly, as Orcs often do.
You closely miss reversiblehash's ghost.
Reversiblehash's ghost is heavily damaged.
Reversiblehash's ghost hits you.
* * * LOW HITPOINT WARNING * * *
You hit reversiblehash's ghost.
Reversiblehash's ghost is heavily damaged.
Reversiblehash's ghost closely misses you.
You hit reversiblehash's ghost but do no damage.
Reversiblehash's ghost is heavily damaged.
Reversiblehash's ghost hits you.
* * * LOW HITPOINT WARNING * * *
You hit reversiblehash's ghost but do no damage.
Reversiblehash's ghost is heavily damaged.
Reversiblehash's ghost says, "You must not succeed where I failed!"
Reversiblehash's ghost hits you.
* * * LOW HITPOINT WARNING * * *
Reversiblehash's ghost stares at you. Reversiblehash's ghost hits you.
You die...

# .... #<. #.##...## #.# #.
../ ... ........# #.##.#
#..... #.# #.# ....# #.##.#
#..#.# #.# #.# #.#.# #.##.#
...# #.#######.# #.#.## #.##.#
#.###.......#.###....###.##.#
#.†...........##......##.##.##
#.#########..............#...#
#.# ###@##......##...... #.#
#(.Wo.....###.#...# #.#
#..##............## #.#
#.###..o.##.#.#.## #.# #.
####.#.##.##.## #.# #.
#..........# #.# #.
###.##.##..# #. #....#>#.#.#
#. #o###...##..


You could see reversiblehash's ghost and 2 orcs.

Vanquished Creatures
  Robin (D:2)
  An adder (D:2)
  A worm (D:2)
  5 orcs (D:3)
  2 ball pythons (D:1)
  4 bats
  4 endoplasms
  2 giant cockroaches
  6 hobgoblins
  6 quokkas
  10 goblins
  4 kobolds
  2 rats (D:1)
48 creatures vanquished.

Vanquished Creatures (others)
  A fungus (D:1)
  4 plants (D:1)
5 creatures vanquished.

Grand Total: 53 creatures vanquished

Notes
Turn   | Place    | Note
-------+----------+-------------------------------------------
     0 | D:1      | fknight the Draconian Berserker began the quest for the
                  | Orb.
     0 | D:1      | Reached XP level 1. HP: 19/19 MP: 1/1
   135 | D:1      | Found a faded altar of an unknown god.
   304 | D:1      | Reached XP level 2. HP: 26/26 MP: 2/2
   351 | D:1      | You fall into a shaft and drop 1 floor!
   627 | D:2      | Found a blossoming altar of Fedhas.
  1411 | D:2      | Identified the +3 helmet of Olioqonausm {+Inv rF- rC+}
  1411 | D:2      | Noticed Robin
  1414 | D:2      | Reached XP level 3. HP: 33/33 MP: 3/3
  1427 | D:2      | Killed Robin
  1433 | D:2      | Reached ** piety under Trog
  1687 | D:2      | Reached XP level 4. HP: 40/40 MP: 4/4
  2027 | D:3      | Reached skill level 1 in Short Blades
  2087 | D:3      | Found a runed translucent gate.
  2087 | D:3      | Noticed reversiblehash's ghost (weakling DsBe)
  2088 | D:3      | Found a runed translucent gate.
  2089 | D:3      | Found a runed translucent gate.
  2091 | D:3      | Identified the +8 dagger of Wu Jian's Envy {protect, rElec
                  | rC- rCorr Stlth+}
  2133 | D:3      | HP: 2/40 [reversiblehash's ghost (6)]
  2144 | D:3      | Slain by reversiblehash's ghost

Illustrated notes

Levels and vault maps discovered:
D:1:      lightli_molten_gateway, layout_loops_ring,
          shapermc_ecumenical_altar_ellora, st_stairs_11
D:2:      layout_basic, basic_altar, uniq_robin
D:3:      layout_loops_ring, biasface_ghost_orc_armoury,
          lightli_sewer_entry_pipes

Skill      XL: |  1  2  3  4 |
---------------+-------------+-----
Dodging        | 3 |  3.3
Short Blades   | 1 |  1.1
Fighting       | |  3.9
Long Blades    | |  3.7
Stealth        | |  0.7

Action                   |  1- 3 |  4- 6 || total
-------------------------+-------+-------++-------
Melee: Falchion          |    36 |       ||    36
       Tailslap          |    19 |     5 ||    24
       Dagger            |    83 |    44 ||   127
 Stab: Sleeping          |     3 |       ||     3
Armor: Skin              |    28 |     4 ||    32
Dodge: Dodged            |    53 |    21 ||    74
